Map: Praça Neon Violeta LE

Players

BlackHand - Winner!

  • Race: Protoss Protoss
  • League: Silver
  • Spawn Location: 11:00

IagoAbreu

  • Race: Zerg Zerg
  • League: Gold
  • Spawn Location: 5:00

VOD

Have the link to the VOD?

Description

Time

  • Played on: March 13, 2018, 2:24 p.m.
  • Length: 11:11
Show
View Real Time Build Order
Export as new Build Order

BlackHand Protoss - Winner!

Build Orders:  

Get SALT Encoding   

  12  0:02  Probe  
  13  0:17  Pylon  
  13  0:22  Probe  
  14  0:34  Probe  
  15  0:38  Assimilator  
  15  0:44  Gateway  
  15  0:46  Probe (Chrono Boost)  
  16  0:52  Assimilator  
  16  0:57  Probe (Chrono Boost)  
  17  1:04  Probe  
  18  1:16  Probe (Chrono Boost)  
  20  1:26  Probe (Chrono Boost)  
  20  1:31  Probe (Chrono Boost), Cybernetics Core  
  21  1:41  Gateway  
  21  1:43  Probe  
  22  2:03  Gateway  
  22  2:15  Pylon  
  22  2:32  Adept (Chrono Boost)  
  26  2:41  Adept (Chrono Boost)  
  26  2:50  Stalker  
  28  2:59  Adept  
  30  3:08  Pylon  
  30  3:13  Pylon  
  30  3:19  Pylon  
  30  3:26  Stalker (Chrono Boost)  
  34  3:32  Adept (Chrono Boost)  
  34  3:33  Adept (Chrono Boost)  
  36  3:48  Forge  
  36  3:51  Stalker (Chrono Boost)  
  36  3:54  Adept (Chrono Boost)  
  36  3:55  Stalker (Chrono Boost)  
  42  4:28  Stalker x3  
  46  4:58  Stalker  
  42  5:08  Stalker x2  
  46  5:15  Pylon  
  46  5:17  Protoss Ground Weapons Level 1  
  46  5:28  Stalker  
  48  5:38  Stalker x2  
  48  6:38  Stalker x3  
  53  7:11  Protoss Ground Armor Level 1  
  49  7:32  Stalker x3  
  55  7:43  Robotics Facility x2  
  47  9:06  Protoss Shields Level 1  
  43  9:28  Stalker x3  
Show
View Real Time Build Order
Export as new Build Order

IagoAbreu Zerg 

Build Orders: Pool First 

Get SALT Encoding   

  12  0:21  Spawning Pool  
  12  0:25  Drone  
  12  0:27  Drone  
  13  0:31  Drone  
  14  1:02  Hatchery  
  13  1:09  Zergling x2  
  14  1:11  Overlord  
  14  1:18  Overlord  
  14  1:33  Queen  
  14  1:36  Drone  
  14  1:39  Zergling x2  
  18  1:51  Extractor  
  17  1:54  Extractor  
  17  1:57  Drone x2  
  20  2:18  Queen  
  20  2:21  Drone x2  
  22  2:34  Zergling x2  
  23  2:45  Drone x2  
  23  2:46  Drone  
  23  2:48  Zergling x6  
  29  2:51  Zergling x2  
  30  3:48  Zergling x12  
  36  4:09  Hatchery  
  32  4:47  Overlord x6  
  30  4:58  Zergling x4  
  30  4:59  Zergling x2  
  25  5:12  Drone x3  
  28  5:22  Queen  
  27  5:36  Zergling x8  
  31  5:49  Zergling x6  
  30  6:04  Zergling x4  
  30  6:05  Zergling x4  
  34  6:26  Queen  
  34  6:30  Drone  
  37  6:42  Metabolic Boost  
  37  6:47  Evolution Chamber  
  34  7:11  Zergling x12  
  34  7:12  Zergling x4  
  36  7:22  Lair  
  34  7:34  Drone x3  
  37  8:05  Zergling x6  
  37  8:06  Zergling x10  
  42  8:14  Zergling x4  
  42  8:16  Zergling x2  
  39  8:29  Zergling x2  
  39  8:31  Zergling x2  
  31  8:45  Zergling x6  
  31  8:46  Zergling x2  
  31  9:01  Zergling x6  
  27  9:12  Zergling x6  
Tags
 
Add a new tag
Caveats
  • Supply blocks, unpowered buildings, or Contaminate may cause inaccurate times.
  • Supply counts are checked every 10 seconds.